 Dungeon Crawl Stone Soup version 0.18-a0-1164-g7046a04 (console) character file.

642 FIQ the Charlatan (level 7, -2/44 HPs)
             Began as a Kobold Artificer on Jan 25, 2016.
             Slain by a sky beast (6 damage)
             ... on level 5 of the Dungeon.
             The game lasted 00:13:56 (5411 turns).

FIQ the Charlatan (Kobold Artificer)                Turns: 5411, Time: 00:13:56

Health: -2/44      AC: 12    Str: 12    XL:     7   Next: 81%
Magic:  11/11      EV: 17    Int: 14    God:
Gold:   246        SH:  0    Dex: 15    Spells: 0 memorised, 6 levels left

rFire  . . .     SeeInvis .     a - +1 short sword
rCold  + . .     Gourm    .     h - +0 leather armour (curse)
rNeg   . . .     Faith    .     (shield restricted)
rPois  .         Spirit   .     (no helmet)
rElec  .         Dismiss  .     o - +2 cloak
rCorr  .         Reflect  .     (no gloves)
SustAt .         Harm     .     (no boots)
MR     .....                    (no amulet)
Stlth  ++........               t - +4 ring of intelligence
                                l - +2 ring of protection

@: not resistant to hostile enchantments, unstealthy
A: rough black scales 1, carnivore 3, clumsy 1, cold resistance 1, strong 1
a: no special abilities


You were on level 5 of the Dungeon.
You were completely stuffed.

You visited 2 branches of the dungeon, and saw 6 of its levels.

You collected 246 gold pieces.

Inventory:

Hand Weapons
 a - a +1 short sword (weapon)
 q - a +3 quarterstaff of chaos
 r - a +1 mace of holy wrath
 A - a +0 rapier
Armour
 h - a cursed +0 leather armour (worn)
 o - a +2 cloak (worn)
Jewellery
 l - a +2 ring of protection (left hand)
 t - a +4 ring of intelligence (right hand)
Wands
 c - a wand of flame (15/48)
 d - a wand of enslavement (15/24)
 e - a wand of random effects (13/48)
 k - a wand of digging (8/24)
Scrolls
 j - a scroll of magic mapping
 m - 3 scrolls of identify
 y - 2 scrolls of teleportation {unknown}
 z - a scroll of enchant weapon
 B - a scroll of blinking {unknown}
 C - a scroll of remove curse {unknown}
Potions
 b - 3 potions of curing
 n - a potion of flight {unknown}
 p - a potion of ambrosia {unknown}
 u - a potion of agility {unknown}
 v - a potion of cancellation {unknown}
 w - 2 potions of invisibility {unknown}
Comestibles
 f - a meat ration
 g - a slice of pizza
 i - 3 beef jerkies


   Skills:
 + Level 4.5 Fighting
 + Level 5.0 Short Blades
 + Level 5.3 Dodging
 - Level 1.3 Stealth
 + Level 5.8 Evocations


You had 6 spell levels left.
You didn't know any spells.

Dungeon Overview and Level Annotations

Branches:
Dungeon (5/15)             Temple (1/1) D:5

Altars:
Ashenzari
Cheibriados
Dithmenos
Elyvilon
Gozag
Kikubaaqudgha
Okawaru
Qazlal
Ru
Sif Muna
Trog
Vehumet
Xom
Yredelemnul
Zin
The Shining One


Innate Abilities, Weirdness & Mutations

You are small and have problems with some larger weapons.
You are carnivorous and can eat meat at any time.
You are partially covered in rough black scales (AC +4, Dex -1).
You are clumsy. (Dex -2)
Your flesh is cold resistant.
Your muscles are strong. (Str +2)


Message History

You hit something but do no damage. Something hits you. Something shocks you.
You hit something. Something barely misses you.
You closely miss something. Something hits you but does no damage.
You hit something. You closely miss something.
Something hits you but does no damage.
You hit something. Something hits you but does no damage.
You completely miss something. Something barely misses you.
You closely miss something. Something hits you but does no damage.
You barely miss something. Something hits you but does no damage.
You barely miss something. Something hits you. Something shocks you.
* * * LOW HITPOINT WARNING * * *
You hit something but do no damage. You completely miss something.
Something hits you.
* * * LOW HITPOINT WARNING * * *
Something shocks you.
* * * LOW HITPOINT WARNING * * *
You miss something. Something hits you.
* * * LOW HITPOINT WARNING * * *
Something shocks you.
You die...

###############
#{@..........<#
...................#
.#####.##..........#
#. #..........# #.
#..........# #.
#..........#
#.##..........#
..............#
#####...#####
#.#.### ...#...#


There were no monsters in sight!

Vanquished Creatures
  A sky beast (D:4)
  2 ogres
  A crimson imp (D:5)
  A hound (D:4)
  Crazy Yiuf (D:2)
  2 giant frog skeletons (D:4)
  An iguana (D:5)
  2 worker ants (D:4)
  7 adders
  A shadow imp (D:5)
  An adder skeleton (D:5)
  2 worms
  2 giant geckos (D:2)
  11 orcs (D:4)
  6 giant cockroaches
  3 goblins
  8 hobgoblins
  3 jackals (D:4)
  7 kobolds
  2 ball pythons
  7 bats
  9 giant newts
  A quokka skeleton (D:5)
  3 rats
  A bush (D:2)
85 creatures vanquished.

Notes
Turn   | Place    | Note
--------------------------------------------------------------
     0 | D:1      | FIQ the Kobold Artificer began the quest for the Orb.
     0 | D:1      | Reached XP level 1. HP: 12/12 MP: 3/3
   303 | D:1      | Reached XP level 2. HP: 16/16 MP: 4/4
   971 | D:1      | Reached XP level 3. HP: 14/21 MP: 5/5
  1085 | D:2      | HP: 1/21 [kobold (3)]
  1673 | D:2      | Reached XP level 4. HP: 26/26 MP: 6/6
  1686 | D:2      | Reached skill level 4 in Evocations
  2123 | D:2      | Noticed Crazy Yiuf
  2126 | D:2      | Killed Crazy Yiuf
  2789 | D:3      | Reached XP level 5. HP: 22/31 MP: 8/8
  3553 | D:4      | Reached XP level 6. HP: 31/37 MP: 9/9
  4143 | D:4      | Found a bloodstained altar of Trog.
  4391 | D:4      | Reached skill level 5 in Evocations
  4554 | D:4      | Noticed an ogre
  4574 | D:4      | Killed an ogre
  4574 | D:4      | Reached XP level 7. HP: 39/42 MP: 10/10
  4804 | D:5      | Entered Level 5 of the Dungeon
  4878 | D:4      | Reached skill level 5 in Dodging
  5087 | D:4      | Gained mutation: Your flesh is cold resistant. [mutagenic meat]
  5088 | D:4      | Gained mutation: Your muscles are strong. (Str +2) [mutagenic meat]
  5089 | D:4      | Gained mutation: You are clumsy. (Dex -2) [mutagenic meat]
  5090 | D:4      | Gained mutation: You are partially covered in rough black scales (AC +4, Dex -1). [mutagenic meat]
  5138 | D:5      | Found a staircase to the Ecumenical Temple.
  5149 | Temple   | Entered the Ecumenical Temple
  5346 | D:5      | Reached skill level 5 in Short Blades
  5411 | D:5      | Slain by a sky beast

Vault maps used:
D:1:      dpeg_arrival_radiant, minivault_25, serial_bayou_pond_d
D:2:      uniq_crazy_yiuf_cottage
D:4:      trog_book
D:5:      minmay_temple_entry_mist, first_bread
Temple:   lightli_temple_of_artemis

Action                   |  1- 3 |  4- 6 |  7- 9 || total
-------------------------+-------+-------+-------++-------
Melee: Short sword       |   144 |   443 |   108 ||   695
Evoke: Wand              |       |     2 |       ||     2
  Use: Potion            |     1 |       |     2 ||     3
       Scroll            |       |     5 |       ||     5
 Stab: Sleeping          |     3 |     5 |     1 ||     9
  Eat: Chunk             |    11 |    10 |     7 ||    28
